 Dungeon Crawl Stone Soup version 0.26-b1-32-g5d43845318 (webtiles) character file.

Game seed: 11725070917857507602

93 raceaflais the Cutter (level 4, -2/36 HPs)
             Began as a Human Berserker on Jan 4, 2021.
             Was a Follower of Trog.
             Slain by Grinder (4 damage)
             ... on level 3 of the Dungeon.
             The game lasted 00:07:51 (2639 turns).

raceaflais the Cutter (Human Berserker)             Turns: 2639, Time: 00:07:52

Health: -2/36      AC:  6    Str: 18      XL:     4   Next: 92%
Magic:  4/4        EV: 10    Int:  6 (8)  God:    Trog [*.....]
Gold:   178        SH:  0    Dex: 11 (12) Spells: 3/3 levels left

rFire    . . .     SeeInvis .   a - +1 short sword
rCold    + . .     Faith    .   (no shield)
rNeg     . . .     Spirit   .   e - +0 scale mail (curse)
rPois    .         Reflect  .   (no helmet)
rElec    .         Harm     .   (no cloak)
rCorr    .         Rampage  .   (no gloves)
Will     .....                  (no boots)
Stlth    ..........             (no amulet)
HPRegen  0.12/turn              i - ring of protection from cold
MPRegen  0.09/turn              g - ring of attention (curse)

@: lethally poisoned (-2 -> -7)
A: no striking features
a: Renounce Religion, Berserk


You were on level 3 of the Dungeon.
You worshipped Trog.
Trog was aware of your devotion.
You visited 1 branch of the dungeon, and saw 3 of its levels.

You collected 178 gold pieces.

Inventory:

Hand Weapons
 a - a +1 short sword (weapon)
 d - a +0 spear
 m - a +0 flail
Missiles
 f - 95 stones (quivered)
 h - 2 curare-tipped darts
 j - 8 javelins
 k - 16 poisoned darts
 n - 14 arrows
 o - 17 sling bullets
Armour
 b - a +0 animal skin
 e - a cursed +0 scale mail (worn)
 l - a +0 scale mail
 q - a +0 ring mail
Jewellery
 c - an uncursed ring of poison resistance
 g - a cursed ring of attention (right hand)
 i - a ring of protection from cold (left hand)


   Skills:
 + Level 3.6 Fighting
 + Level 4.3 Short Blades
 + Level 2.3 Armour
 + Level 2.3 Dodging


You had 3 spell levels left.
You didn't know any spells.
Your spell library was empty.

Dungeon Overview and Level Annotations

Branches:
Dungeon (3/15)

Altars:
Cheibriados
Uskayaw

Annotations:
D:3 Grinder


Message History

You feel sick. Grinder hits you.
You writhe in agony.
The adder barely misses you.
You hit the adder.
The adder is almost dead.
Grinder closely misses you. The adder bites you but does no damage.
You puncture the adder!
You kill the adder!
Trog accepts your kill.
You feel sick. Grinder gestures at you. Pain shoots through your body!
* * * LOW HITPOINT WARNING * * *
Grinder hits you.
* * * LOW HITPOINT WARNING * * *
You writhe in agony.
* * * LOW HITPOINT WARNING * * *
There is a stone staircase leading up, spattered with blood here.
* * * LOW HITPOINT WARNING * * *
You feel sick. Grinder hits you.
You die...

.......... #.... #..
.......... +.... #...
..#....... #....
#...##.#.#...# . #.<..
#......#.....#+#.. #....
#......#.......... ......
#................. ........
#..........................
#.........@5...............
#................#.........
##...............#.........
#................
#.....###........ #.....#
#........ #..†..# ##.#####.
#....>...#.. #...#.##.# ##


You could see Grinder.

Vanquished Creatures
  Natasha (D:3)
  4 adders
  2 worms (D:2)
  6 goblins
  2 hobgoblins (D:2)
  2 jackals (D:1)
  2 quokkas
  2 bats (D:1)
  A frilled lizard (D:1)
  5 kobolds
  4 rats
31 creatures vanquished.

Notes
Turn   | Place    | Note
-------+----------+-------------------------------------------
     0 | D:1      | raceaflais the Human Berserker began the quest for the Orb.
     0 | D:1      | Reached XP level 1. HP: 18/18 MP: 1/1
   233 | D:1      | Reached XP level 2. HP: 21/24 MP: 2/2
   600 | D:2      | Reached XP level 3. HP: 29/29 MP: 3/3
   650 | D:2      | Found a snail-covered altar of Cheibriados.
   916 | D:2      | Noticed a +0 hand axe
   917 | D:2      | Found a hide-covered altar of Uskayaw.
   917 | D:2      | Noticed a +0 hand axe
   963 | D:2      | Reached ** piety under Trog
  1431 | D:2      | Reached skill level 4 in Short Blades
  1431 | D:2      | Reached XP level 4. HP: 33/35 MP: 4/4
  2193 | D:3      | Noticed Grinder
  2209 | D:3      | Noticed Natasha
  2608 | D:3      | Killed Natasha
  2639 | D:3      | Slain by Grinder

Illustrated notes

Levels and vault maps discovered:
D:1:      tarquinn_simple_flora_water_b, layout_rooms, dk_noncrumbling_4
D:2:      layout_loops_ring, cheibriados_altar_1, dancing_weapons_uskayaw
D:3:      layout_basic, lemuel_crystal_altar, gammafunk_ghost_icy, uniq_grinder,
          uniq_crazy_yiuf_cottage, uniq_natasha, uniq_jessica

Skill      XL: |  1  2  3 |
---------------+----------+-----
Short Blades   | 4 |  4.3
Fighting       | |  3.6
Armour         | |  2.3
Dodging        | |  2.3

Action                   |  1- 3 |  4- 6 || total
-------------------------+-------+-------++-------
Melee: Short sword       |    86 |    35 ||   121
Throw: Dart              |       |     2 ||     2
Invok: Berserk           |     2 |       ||     2
  Use: Scroll            |     6 |       ||     6
       Potion            |     4 |       ||     4
Armor: Animal skin       |    14 |       ||    14
       Scale mail        |     1 |    10 ||    11
Dodge: Dodged            |    50 |     9 ||    59
